 Dungeon Crawl Stone Soup version 0.27.1 (webtiles) character file.

Game seed: 5299084540807107989

105 Kinoniko the Chopper (level 4, 0/40 HPs)
             Began as a Deep Dwarf Fighter on Aug 31, 2021.
             Engulfed by a steam dragon's steam (2 damage)
             ... on level 3 of the Dungeon.
             The game lasted 00:01:59 (2254 turns).

Kinoniko the Chopper (Deep Dwarf Fighter)           Turns: 2254, Time: 00:02:00

Health: 0/40       AC:  9    Str: 20    XL:     4   Next: 53%
Magic:  4/4        EV:  5    Int:  9    God:
Gold:   113        SH:  9    Dex: 12    Spells: 3/3 levels left

rFire    . . .     SeeInvis .   a - +0 war axe
rCold    . . .     Faith    .   c - +0 kite shield
rNeg     . . .     Spirit   .   g - +0 chain mail
rPois    .         Reflect  .   (no helmet)
rElec    .         Harm     .   (no cloak)
rCorr    .         Rampage  .   (no gloves)
Will     .....                  (no boots)
Stlth    ..........             (no amulet)
HPRegen  0.00/turn              (no ring)
MPRegen  0.09/turn              (no ring)

@: no status effects
A: damage resistance, heal wounds, sense surroundings 1, no regeneration
a: Heal Wounds


You were on level 3 of the Dungeon.
You visited 1 branch of the dungeon, and saw 3 of its levels.

You collected 113 gold pieces.

Inventory:

Hand Weapons
 a - a +0 war axe (weapon)
Armour
 b - a +0 scale mail
 c - a +0 kite shield (worn)
 g - a +0 chain mail (worn)
Scrolls
 e - 2 scrolls of enchant weapon {unknown}
 f - 3 scrolls of identify {unknown}
 i - 2 scrolls of teleportation {unknown}
Potions
 d - 2 potions of might
 h - a potion of cancellation {unknown}
 j - a potion of curing {unknown}


   Skills:
 - Level 2.6 Fighting
 * Level 5.3 Axes
 - Level 3.2 Armour
 - Level 3.2 Shields


You had 3 spell levels left.
You didn't know any spells.
Your spell library contained the following spells:

 Spells                   Type           Power      Damage    Failure   Level
 Portal Projectile        Hex/Tloc       0%         N/A       100%        3
 Blade Hands              Tmut           0%         N/A       100%        5
 Excruciating Wounds      Necr           0%         N/A       100%        5


Dungeon Overview and Level Annotations

Branches:
Dungeon (3/15)

Altars:
Nemelex Xobeh


Innate Abilities, Weirdness & Mutations

You are resistant to damage.
You can heal yourself by infusing magical energy.
You passively map a small area around you.
You do not regenerate.


Message History

The steam dragon bites you!
The steam dragon claws you but does no damage.
You hit the steam dragon.
The steam dragon is lightly wounded.
The steam dragon barely misses you.
The steam dragon claws you but does no damage.
You barely miss the steam dragon.
The steam dragon is lightly wounded.
You block the steam dragon's attack. x2
The steam dragon breathes steam at you. The ball of steam hits you.
You closely miss the steam dragon.
The steam dragon is lightly wounded.
You are engulfed in a cloud of scalding steam.
You block the steam dragon's attack.
The steam dragon claws you but does no damage.
You slash the steam dragon!
The steam dragon is heavily wounded.
You are engulfed in a cloud of scalding steam.
The steam dragon barely misses you.
The steam dragon claws you but does no damage.
The steam dragon bites you! You block the steam dragon's attack.
You are too injured to fight recklessly!
You are too injured to fight recklessly!
You are too injured to fight recklessly!
You closely miss the steam dragon.
The steam dragon is heavily wounded.
You are engulfed in a cloud of scalding steam.
The steam dragon bites you. The steam dragon barely misses you.
You hit the steam dragon.
The steam dragon is heavily wounded.
The steam dragon breathes steam at you. The ball of steam hits you!
* * * LOW HITPOINT WARNING * * *
The steam dragon barely misses you.
The steam dragon claws you but does no damage.
You hit the steam dragon.
The steam dragon is severely wounded.
You are engulfed in a cloud of scalding steam.
You die...

.#.# * #######
.#.# ....... *
, .#.# , .....
* * ** .#.#
,..... * #.
.#.# * ,... , *
** #. .#.# ...
, #. ##.# **#.#
* #. ...# #D#
#. ####
#@###########
#.
#ยงยง.........#
#.
###########.#
#. #.# #.
#.######
#.......
########


You could see a steam dragon (catching breath).

Vanquished Creatures
  An orc wizard (D:3)
  A dart slug (D:2)
  5 orcs (D:3)
  8 ball pythons
  5 endoplasms
  3 giant cockroaches
  5 goblins
  6 hobgoblins
  6 jackals (D:1)
  6 quokkas
  6 bats
  3 frilled lizards (D:2)
  4 kobolds
  5 rats
64 creatures vanquished.

Notes
Turn   | Place    | Note
-------+----------+-------------------------------------------
     0 | D:1      | Kinoniko the Deep Dwarf Fighter began the quest for the
                  | Orb.
     0 | D:1      | Reached XP level 1. HP: 20/20 MP: 1/1
   187 | D:1      | Reached skill level 3 in Axes
   191 | D:1      | Reached XP level 2. HP: 20/27 MP: 2/2
   597 | D:1      | Reached XP level 3. HP: 18/33 MP: 3/3
   630 | D:1      | Reached skill level 4 in Axes
  1095 | D:2      | Found a sparkling altar of Nemelex Xobeh.
  1514 | D:3      | Reached XP level 4. HP: 28/40 MP: 4/4
  1521 | D:3      | Reached skill level 5 in Axes
  2245 | D:3      | Noticed a steam dragon
  2253 | D:3      | HP: 2/40 [steam dragon/ball of steam (11)]
  2254 | D:3      | Engulfed by a steam dragon's steam

Illustrated notes

Levels and vault maps discovered:
D:1:      wander_arrival_estate, layout_basic
D:2:      layout_basic, basic_altar
D:3:      layout_basic, minmay_misc_feat_plants, serial_bayou_pond_e,
          grunt_decor_clamped

Skill      XL: |  1  2  3  4 |
---------------+-------------+-----
Axes           | 3 4 5 |  5.3
Fighting       | |  2.6
Armour         | |  3.2
Shields        | |  3.2

Action                   |  1- 3 |  4- 6 || total
-------------------------+-------+-------++-------
Melee: War axe           |   133 |    37 ||   170
 Abil: Heal Wounds       |     1 |     1 ||     2
Armor: Scale mail        |    26 |       ||    26
       Chain mail        |    52 |    23 ||    75
Dodge: Dodged            |    27 |     8 ||    35
Block: Kite shield       |    73 |    15 ||    88
